 Dungeon Crawl Stone Soup version 0.18-a0-960-g77c8fc5 (webtiles) character file.

311 Sodium1970 the Covered (level 6, -2/48 HPs)
             Began as a Human Fighter on Dec 31, 2015.
             Killed by divine providence
             ... invoked by an orc priest
              (12 damage)
             ... on level 4 of the Dungeon.
             The game lasted 00:16:51 (4721 turns).

Sodium1970 the Covered (Human Fighter)              Turns: 4721, Time: 00:16:51

Health: -2/48      AC: 12    Str: 18    XL:     6   Next: 70%
Magic:  6/6        EV:  6    Int:  9    God:
Gold:   201        SH: 10    Dex: 12    Spells: 0 memorised, 5 levels left

rFire  . . .     SeeInvis .     a - +0 long sword
rCold  . . .     Gourm    .     l - +0 chain mail
rNeg   . . .     Faith    .     c - +1 shield
rPois  .         Spirit   .     (no helmet)
rElec  .         Dismiss  .     (no cloak)
rCorr  .         Reflect  .     (no gloves)
SustAt .         Harm     .     o - +2 pair of boots
MR     .....                    (no amulet)
Stlth  ..........               (no ring)
                                p - ring of wizardry

@: not resistant to hostile enchantments, extremely unstealthy
A: no striking features
a: no special abilities


You were on level 4 of the Dungeon.
You were not hungry.

You visited 1 branch of the dungeon, and saw 4 of its levels.
You also visited: Sewer.

You collected 201 gold pieces.

Inventory:

Hand Weapons
 a - a +0 long sword (weapon)
Armour
 c - a +1 shield (worn)
 h - a +0 pair of gloves
 l - a +0 chain mail (worn)
 o - a +2 pair of boots (worn)
 t - a +0 pair of gloves
Jewellery
 p - a ring of wizardry (left hand)
Wands
 u - a wand of fire (9/15)
Scrolls
 b - a scroll of teleportation
 g - a scroll of fear
 s - a scroll of identify
Potions
 d - 2 potions of might
 e - 2 potions of agility {unknown}
 f - a potion of degeneration {unknown}
 i - a potion of curing
 j - 2 potions of heal wounds
 m - a potion of poison {unknown}
 q - a potion of flight {unknown}
 r - 3 potions of magic
 v - 2 potions of brilliance {unknown}
Comestibles
 k - a bread ration
 n - 3 slices of pizza


   Skills:
 + Level 3.8 Fighting
 + Level 3.1 Long Blades
 + Level 4.3 Armour
 + Level 2.4 Dodging
 + Level 0.2 Stealth
 + Level 4.2 Shields


You had 5 spell levels left.
You didn't know any spells.

Dungeon Overview and Level Annotations

Branches:
Dungeon (4/15)
 Temple: D:4-7

Altars:
Cheibriados
Makhleb
Pakellas
Vehumet


Message History

You slash the orc!
You kill the orc!
You slash the orc!
You kill the orc!
You hit the orc.
The orc is moderately wounded.
The orc priest calls down the wrath of Beogh upon you.
Something smites you!
* * * LOW HITPOINT WARNING * * *
An orc comes into view. It is wielding a club.
The orc priest shouts!
The orc priest casts a cantrip, but nothing happens.
The orc hits you but does no damage.
There is an open door here.
Things that are here:
a dagger; a flail; an orc corpse You block the orc priest's attack.
The orc priest calls down the wrath of Beogh upon you.
Something smites you!
You die...

≈ ≈≈ ##########################
≈≈≈#####≈≈≈≈≈≈≈≈≈≈≈≈≈≈≈≈≈≈≈≈≈≈≈≈≈
≈≈≈≈≈≈≈≈≈≈≈≈≈≈≈≈≈≈≈≈≈≈≈≈≈≈≈≈≈≈≈≈≈
≈≈≈≈≈≈≈≈≈≈≈≈≈≈≈≈≈≈≈≈≈≈≈≈≈≈≈≈≈≈≈≈.
o.o≈.≈≈≈≈≈≈....≈≈.≈≈.≈≈..≈..≈.≈≈≈
.................................
..............o.@.†..............
#######........oO................
##########)###+##......#... #oo#
#.....##... #.......#####+###...
#.......... #.... #..........
#.... #!........o #....
##..##..###


You could see an ogre, 2 orc priests and 2 orcs.

Vanquished Creatures
  2 orc wizards
  Terence (D:2)
  An iguana (D:4)
  A worker ant (D:4)
  4 adders
  An ooze (D:2)
  5 worms
  8 orcs
  2 ball pythons (Sewer)
  5 bats
  3 giant cockroaches
  24 goblins
  9 hobgoblins
  16 jackals
  15 kobolds
  A quokka (D:2)
  10 giant newts
  7 rats
  4 plants (Sewer)
119 creatures vanquished.

Notes
Turn   | Place    | Note
--------------------------------------------------------------
     0 | D:1      | Sodium1970 the Human Fighter began the quest for the Orb.
     0 | D:1      | Reached XP level 1. HP: 18/18 MP: 1/1
    64 | D:1      | Reached XP level 2. HP: 22/24 MP: 2/2
   365 | D:1      | Reached XP level 3. HP: 29/29 MP: 3/3
   634 | D:2      | Reached skill level 1 in Dodging
   958 | D:2      | Noticed Terence
   989 | D:2      | Killed Terence
   989 | D:2      | Reached XP level 4. HP: 25/35 MP: 4/4
  1077 | D:2      | Found an oddly glowing altar of Pakellas.
  1199 | D:2      | Found a snail-covered altar of Cheibriados.
  1770 | D:2      | Found a radiant altar of Vehumet.
  1970 | D:3      | Reached XP level 5. HP: 39/41 MP: 5/5
  1977 | D:3      | Reached skill level 4 in Armour
  2152 | D:3      | Found a burning altar of Makhleb.
  2678 | D:3      | Found a faded altar to an unknown god.
  2968 | D:3      | Reached XP level 6. HP: 38/47 MP: 6/6
  3507 | D:4      | Found a glowing drain.
  3513 | Sewer    | Entered a sewer
  4714 | D:4      | Noticed an ogre
  4721 | D:4      | Killed from afar by an orc priest

Vault maps used:
D:1:      dpeg_arrival_houses_and_road
D:2:      kennysheep_the_goblin_king, lemuel_coloured_pillars_altar,
          overflow_temple_1_default, amethyst_overflow_temple_binary,
          minmay_misc_feat_roman, uniq_terence
D:3:      bloody_makhleb, first_bread, ecumenical_altar_2, serial_bayou_pond_c,
          serial_park_tiny_2, minmay_misc_feat_diagonals
D:4:      minmay_goblin_kobold_castle, lightli_sewer_entry_pipes
Sewer:    sewer_co_scattered_pipes

Action                   |  1- 3 |  4- 6 || total
-------------------------+-------+-------++-------
Melee: Long sword        |   124 |   517 ||   641
  Use: Scroll            |       |    10 ||    10
       Potion            |       |     2 ||     2
  Eat: Bread ration      |       |     3 ||     3
       Beef jerky        |       |     1 ||     1
